 Dungeon Crawl Stone Soup version 0.32-a0-312-g1d7162e751 (webtiles) character file.

Game seed: 8818776180394062494

95 sngkn the Covered (level 4, 0/40 HPs)
             Began as a Minotaur Fighter on Feb 15, 2024.
             Slain by Pikel
             ... wielding a +2 whip of flaming
              (7 damage)
             ... on level 3 of the Dungeon.
             The game lasted 00:03:23 (1379 turns).

sngkn the Covered (Minotaur Fighter)                Turns: 1379, Time: 00:03:24

Health: 0/40       AC:  8    Str: 23    XL:     4   Next: 40%
Magic:  3/3        EV: 10    Int:  5    God:
Gold:   176        SH:  4    Dex:  9    Spells: 3/3 levels left

rFire   . . .        a - +0 war axe
rCold   . . .        c - +0 buckler
rNeg    . . .        b - +1 scale mail
rPois   .            (helmet restricted)
rElec   .            (no cloak)
rCorr   .            (no gloves)
SInv    .            (no boots)
Will    .....        (no amulet) Stlth
                     (no ring)
HPRegen 0.26/turn    (no ring)
MPRegen 0.08/turn

%: no passive effects
@: mighty
A: horns 2, retaliatory headbutt
a: no special abilities


You were on level 3 of the Dungeon.
You visited 1 branch of the dungeon, and saw 4 of its levels.

You collected 176 gold pieces.

Inventory:

Hand Weapons
 a - a +0 war axe (weapon)
Armour
 b - a +1 scale mail (worn)
 c - a +0 buckler (worn)
Wands
 g - a wand of digging (6)
Scrolls
 e - a scroll of immolation {unknown}
 h - a scroll of enchant weapon {unknown}
Potions
 f - a potion of magic
 i - 2 potions of curing


   Skills:
 + Level 4.3 Fighting
 + Level 3.3 Axes
 + Level 4.3 Armour
 + Level 1.8 Dodging
 + Level 4.2 Shields


You had 3 spell levels left.
You didn't know any spells.
Your spell library contained the following spells:

 Spells                   Type           Power      Damage    Failure   Level
 Foxfire                  Conj/Fire      0%         2x1d4     85%         1
 Animate Dead             Necr           0%         N/A       100%        4
 Ignite Poison            Fire/Alch      0%         N/A       100%        4
 Borgnjor's Vile Clutch   Necr/Erth      0%         N/A       100%        5


Dungeon Overview and Level Annotations

Branches:
Dungeon (4/15)
 Temple: D:4-7

Altars:
Uskayaw
Zin
The Shining One

Shops:
D:3 (

Annotations:
D:3 Pikel


Innate Abilities, Weirdness & Mutations

You have a pair of horns on your head.
You reflexively headbutt those who attack you in melee.


Message History

You headbutt the lemure. The lemure hits you but does no damage.
You block Pikel's attack.
There is a stone staircase leading up here.
Unknown command.
Pikel misses you. The lemure hits you.
You climb upwards.
There is a stone staircase leading down here.
Unknown command.
Unknown command.
The lemure attacks as it pursues you! The lemure hits you.
You block Pikel's attack. Pikel attacks as he pursues you!
Pikel hits you with a +2 whip of flaming!
Pikel burns you.
You feel very mighty all of a sudden.
Pikel hits you with a +2 whip of flaming.
Pikel burns you.
* * * LOW HITPOINT WARNING * * *
Unknown command.
You hit Pikel.
Pikel is lightly wounded.
You block Pikel's attack.
You barely miss Pikel.
Pikel is lightly wounded.
Pikel closely misses you.
Pikel hits you with a +2 whip of flaming.
* * * LOW HITPOINT WARNING * * *
Pikel burns you.
* * * LOW HITPOINT WARNING * * *
You slash Pikel! You headbutt Pikel!
Pikel is severely wounded.
Pikel hits you with a +2 whip of flaming.
* * * LOW HITPOINT WARNING * * *
Pikel burns you.
* * * LOW HITPOINT WARNING * * *
Unknown command.
You feel better.
Pikel hits you with a +2 whip of flaming!
You die...
Pikel says, "Another soul for the market."

##### ## #...# #. #...#
#. ####...##########.
#######.................
#......>................
#.########...####.#.#.#.
#.#....@K5........#.#...
#.#.#########.......#..#
#...# #####.#<......##
##### #...............
#........####...
#.......## ####.
######.#####ß###
#...##.#...#_~≈#
#...##....##..≈≈


You could see Pikel and a lemure.

Vanquished Creatures
  A lemure (D:3)
  2 adders
  3 dart slugs
  A ribbon worm (D:2)
  An orc (D:3)
  9 bats
  A giant cockroach (D:3)
  4 goblins
  6 hobgoblins
  A quokka (D:3)
  2 ball pythons (D:1)
  6 frilled lizards
  3 kobolds
  A rat (D:3)
41 creatures vanquished.

Notes
Turn   | Place    | Note
-------+----------+-------------------------------------------
     0 | D:1      | sngkn the Minotaur Fighter began the quest for the Orb.
     0 | D:1      | Reached XP level 1. HP: 19/19 MP: 0/0
    73 | D:1      | Reached XP level 2. HP: 27/27 MP: 1/1
   210 | D:1      | Reached skill level 1 in Dodging
   509 | D:2      | Found a faded altar of an unknown god.
   517 | D:2      | Reached XP level 3. HP: 33/33 MP: 2/2
   524 | D:2      | Got the Papyrus of Soot and Zombies
   762 | D:2      | Identified the +6 short sword "Inwiseb" {drain, rC- rN+
                  | Str+2}
   936 | D:3      | Reached XP level 4. HP: 33/40 MP: 3/3
   968 | D:3      | Found Zoebung's Weapon Emporium.
  1000 | D:3      | Found a glowing silver altar of Zin.
  1000 | D:3      | Found a glowing golden altar of the Shining One.
  1000 | D:3      | Found a hide-covered altar of Uskayaw.
  1324 | D:4      | Noticed Pikel
  1324 | D:4      | Noticed a lemure
  1325 | D:4      | Noticed a lemure
  1326 | D:4      | Noticed a lemure
  1326 | D:4      | Noticed a lemure
  1340 | D:3      | Killed a lemure
  1378 | D:3      | HP: 1/40 [Pikel/+2 whip of flaming (2)]
  1379 | D:3      | Slain by Pikel

Illustrated notes

Levels and vault maps discovered:
D:1:      dpeg_arrival_pond, layout_rooms, kennysheep_boxes
D:2:      cheibrodos_old_hovel, layout_rooms, ebering_ecumenical_altar_rust,
          amcnicky_mini_pool_small
D:3:      layout_basic, gammafunk_temple_overflow_claw, serial_shops, shop
D:4:      layout_loops_ring, gammafunk_temple_overflow_elements,
          minmay_temple_entry_fiery, uniq_pikel

Skill      XL: |  1  2  3 |
---------------+----------+-----
Dodging        | 1 |  1.8
Armour         | 4 |  4.3
Fighting       | 4 |  4.3
Shields        | 4 |  4.2
Axes           | 3 |  3.3

Action                     |  1- 3 |  4- 6 || total
---------------------------+-------+-------++-------
  Melee: War axe           |    65 |    27 ||    92
         Headbutt          |     6 |     5 ||    11
    Use: Scroll            |     7 |     2 ||     9
         Potion            |       |     2 ||     2
 Armour: Scale mail        |    52 |    20 ||    72
  Dodge: Dodged            |    41 |    15 ||    56
  Block: Buckler           |    13 |     7 ||    20

Table legend: (Time is in decaauts)
 A = Elapsed time spent in this place.
 B = Non-inter-level travel time spent in this place.
 C = Inter-level travel time spent in this place.
 D = Time resting spent in this place.
 E = Time spent auto-exploring this place.
 F = Levels seen in this place.
 G = Mean time per level.
                   A        B        C        D        E       F      G
               +--------+--------+--------+--------+--------+-----+--------+
         Total |   1415 |   1351 |     64 |     24 |    954 |   4 |  353.8 |
       Dungeon |   1415 |   1351 |     64 |     24 |    954 |   4 |  353.8 |
               +--------+--------+--------+--------+--------+-----+--------+

Top non-repeatable levels by time:
     D:3: 504 daAuts
     D:1: 492 daAuts
     D:2: 406 daAuts
     D:4: 10 daAuts
